 Dungeon Crawl Stone Soup version 0.30-a0-953-g5f1da4a474 (webtiles) character file.

Game seed: 13054152646358782149

84 DeathPants the Slasher (level 4, -11/23 HPs)
             Began as a Vine Stalker Gladiator on Mar 28, 2023.
             Mangled by Sigmund
             ... wielding a +1 heavy scythe
              (15 damage)
             ... on level 3 of the Dungeon.
             The game lasted 00:05:11 (2240 turns).

DeathPants the Slasher (Vine Stalker Gladiator)     Turns: 2240, Time: 00:05:12

Health: -11/23     AC:  5    Str: 17    XL:     4   Next: 46%
Magic:  0/5        EV: 12    Int:  8    God:
Gold:   98         SH:  0    Dex: 17    Spells: 3/3 levels left

rFire   . . .      SeeInvis .    a - +0 long sword
rCold   . . .      Faith    .    (no shield)
rNeg    . . .      Spirit   +    b - +0 leather armour
rPois   .          Reflect  .    c - +1 helmet
rElec   .          Rampage  .    (no cloak)
rCorr   .                        (no gloves)
Will    .....                    (no boots)
Stlth   +                        (no amulet)
HPRegen 1.03/turn                (no ring)
MPRegen 0.09/turn                (no ring)

@: mighty
A: fangs 2, regeneration 1, magic shield, antimagic bite, no potion heal 2
a: no special abilities


You were on level 3 of the Dungeon.
You visited 1 branch of the dungeon, and saw 3 of its levels.

You collected 98 gold pieces.

Inventory:

Hand Weapons
 a - a +0 long sword (weapon)
Armour
 b - a +0 leather armour (worn)
 c - a +1 helmet (worn)
Wands
 f - a wand of digging (4)
Scrolls
 i - a scroll of magic mapping
Potions
 j - a potion of brilliance
 l - a potion of cancellation {unknown}
 o - a potion of berserk rage {unknown}


   Skills:
 + Level 2.7 Fighting
 * Level 4.1 Long Blades
 - Level 1.7 Throwing
 - Level 2.4 Dodging


You had 3 spell levels left.
You didn't know any spells.
Your spell library was empty.

Dungeon Overview and Level Annotations

Branches:
Dungeon (3/15)

Altars:

Annotations:
D:3 Sigmund


Innate Abilities, Weirdness & Mutations

You have extremely sharp teeth.
Your natural rate of healing is unusually fast.
When hurt, damage is shared between your health and your magic reserves.
Your bite disrupts and absorbs the magic of your enemies.
Potions cannot restore your health.


Message History

You see here an adder corpse.
There is a stone staircase leading down, spattered with blood here.
You start resting.
Magic restored.
You start waiting.
Done waiting.
You climb downwards.
Level annotation: Sigmund The bat hits you but does no damage.
Sigmund hits you from afar with a +1 heavy scythe!
There is a stone staircase leading up, spattered with blood here.
The bat misses you.
Throw: throwing net
Press: ? - help, Q - select action, (/) - cycle Shift-Dir - straight line, f - Sigmund
Aim: Sigmund, wielding a +1 heavy scythe and wearing a +2 robe of positive energy (57% to hit)
You throw a throwing net.
The throwing net closely misses Sigmund.
The bat barely misses you.
Throw: javelin
Press: ? - help, Q - select action Shift-Dir - straight line, f/p - Sigmund
Aim: Sigmund, wielding a +1 heavy scythe and wearing a +2 robe of positive energy (57% to hit)
You throw a javelin. The javelin barely misses Sigmund.
The bat closely misses you.
Sigmund screams, "I am the angel of ZOT!!!"
Sigmund hits you from afar with a +1 heavy scythe!
You feel very mighty all of a sudden. The bat barely misses you.
Sigmund hits you from afar with a +1 heavy scythe!
* * * LOW HITPOINT WARNING * * *
The bat hits you.
* * * LOW HITPOINT WARNING * * *
You closely miss Sigmund. The bat hits you but does no damage. x2
Sigmund hits you with a +1 heavy scythe.
* * * LOW HITPOINT WARNING * * *
You barely miss Sigmund. Your bite misses Sigmund. The bat barely misses you.
The bat hits you but does no damage.
You closely miss Sigmund. The bat misses you.
Sigmund hits you with a +1 heavy scythe!
Ouch! That really hurt!
You die...

...#..... #
#........ #.
#........ .
#.........
.####.#.........?
......#........
####............
#..#####........
#....@@..รท......
#.....b.........
#...<...........
#...............
#...............
##..............
##.(...##.....#
####### ######


You could see Sigmund and a bat.

Vanquished Creatures
  Ijyb (D:2)
  An adder (D:2)
  A worm (D:2)
  2 dart slugs (D:1)
  3 endoplasms
  2 giant cockroaches (D:1)
  2 goblins (D:2)
  3 hobgoblins
  8 kobolds
  3 quokkas
  7 ball pythons
  3 bats
  A frilled lizard (D:1)
  4 rats
41 creatures vanquished.

Notes
Turn   | Place    | Note
-------+----------+-------------------------------------------
     0 | D:1      | DeathPants the Vine Stalker Gladiator began the quest for
                  | the Orb.
     0 | D:1      | Reached XP level 1. HP: 11/11 MP: 2/2
    84 | D:1      | Reached skill level 3 in Long Blades
    87 | D:1      | Reached XP level 2. HP: 10/15 MP: 3/3
   334 | D:1      | Reached XP level 3. HP: 18/18 MP: 4/4
   593 | D:1      | Found a faded altar of an unknown god.
  1807 | D:3      | Noticed Ijyb
  1808 | D:3      | Noticed Sigmund
  1836 | D:2      | Killed Ijyb
  1837 | D:2      | Reached skill level 4 in Long Blades
  1837 | D:2      | Gained mutation: Your natural rate of healing is unusually
                  | fast. [Vine Stalker growth]
  1837 | D:2      | Reached XP level 4. HP: 7/23 MP: 2/5
  2238 | D:3      | HP: 1/23 [Sigmund/+1 heavy scythe (5)]
  2240 | D:3      | Mangled by Sigmund

Illustrated notes

Levels and vault maps discovered:
D:1:      minmay_arrival_wavy_path, layout_basic,
          dreamdust_ecumenical_altar_hidden_monk_grotto, chequers_avenue
D:2:      layout_basic
D:3:      minmay_evil_eye, layout_rooms, zin_statuary, serial_glass,
          glass_columns_b, glass_columns_c, uniq_sigmund, uniq_ijyb

Skill      XL: |  1  2  3 |
---------------+----------+-----
Fighting       | 2 |  2.7
Long Blades    | 3 4 |  4.1
Throwing       | |  1.7
Dodging        | |  2.4

Action                     |  1- 3 |  4- 6 || total
---------------------------+-------+-------++-------
  Melee: Long sword        |    81 |     5 ||    86
         Bite              |    19 |     1 ||    20
         Punch             |     1 |       ||     1
  Throw: Throwing net      |     2 |     1 ||     3
         Javelin           |       |     1 ||     1
    Use: Scroll            |     7 |       ||     7
         Potion            |       |     1 ||     1
   Stab: Held in net/web   |     2 |       ||     2
         Sleeping          |     1 |       ||     1
 Armour: Leather armour    |    22 |    16 ||    38
  Dodge: Dodged            |    56 |    18 ||    74

Table legend: (Time is in decaauts)
 A = Elapsed time spent in this place.
 B = Non-inter-level travel time spent in this place.
 C = Inter-level travel time spent in this place.
 D = Time resting spent in this place.
 E = Time spent auto-exploring this place.
 F = Levels seen in this place.
 G = Mean time per level.
                   A        B        C        D        E       F      G
               +--------+--------+--------+--------+--------+-----+--------+
         Total |   2264 |   2231 |     33 |    359 |   1368 |   3 |  754.7 |
       Dungeon |   2264 |   2231 |     33 |    359 |   1368 |   3 |  754.7 |
               +--------+--------+--------+--------+--------+-----+--------+

Top non-repeatable levels by time:
     D:2: 1293 daAuts
     D:1: 924 daAuts
     D:3: 46 daAuts
